 Dungeon Crawl Stone Soup version 0.29-a0-1023-g6ae1a4a2c7 (webtiles) character file.

Game seed: 13728437126580703566

7 ragingrage the Sneak (level 1, -1/19 HPs)
             Began as a Minotaur Delver on Aug 11, 2022.
             Killed by nerve-wracking pain
             ... invoked by a shadow imp
              (13 damage)
             ... on level 5 of the Dungeon.
             The game lasted 00:00:09 (30 turns).

ragingrage the Sneak (Minotaur Delver)                Turns: 30, Time: 00:00:10

Health: -1/19      AC:  3    Str: 16    XL:     1   Next: 91%
Magic:  0/0        EV: 11    Int:  7    God:
Gold:   7          SH:  0    Dex: 11    Spells: 0/0 levels left

rFire   . . .      SeeInvis .   a - +0 hand axe
rCold   . . .      Faith    .   (no shield)
rNeg    . . .      Spirit   .   b - +0 leather armour
rPois   .          Reflect  .   (helmet restricted)
rElec   .          Harm     .   (no cloak)
rCorr   .          Rampage  .   (no gloves)
Will    .....                   (no boots)
Stlth   ++........              (no amulet)
HPRegen 0.06/turn               (no ring)
MPRegen 0.07/turn               (no ring)

@: no status effects
A: horns 2, retaliatory headbutt
a: no special abilities


You were on level 5 of the Dungeon.
You visited 1 branch of the dungeon, and saw 1 of its levels.

You collected 7 gold pieces.

Inventory:

Hand Weapons
 a - a +0 hand axe (weapon)
Armour
 b - a +0 leather armour (worn)
Wands
 g - a wand of digging (3)
Scrolls
 c - a scroll of fog
 d - a scroll of magic mapping
 e - a scroll of fear
Potions
 f - a potion of haste


   Skills:
 - Level 3.6 Fighting
 * Level 3.3 Axes
 - Level 2.1 Dodging
 - Level 4.1 Stealth


You couldn't memorise any spells.
You didn't know any spells.
Your spell library was empty.

Dungeon Overview and Level Annotations

Branches:
Dungeon (5/15)
 Temple: D:4-7

Altars:


Innate Abilities, Weirdness & Mutations

You have a pair of horns on your head.
You reflexively headbutt those who attack you in melee.


Message History

Welcome, ragingrage the Minotaur Delver.
They say the Orb of Zot lies within this dungeon, but they say a lot of things.
Press ? for a list of commands and other information.
Found a stone staircase leading down.
A white imp comes into view.
Found a giant spiked club and a short sword.
You see here 7 gold pieces.
You now have 7 gold pieces.
The white imp shouts, "Fly, thou froward moldwarp mendicant!"
You hear an angry hiss.
You start waiting.
A white imp is nearby!
You hit the white imp. You headbutt the white imp!
You kill the white imp!
Your Axes skill increases to level 3!
A shadow imp and an adder come into view.
The adder hisses angrily.
The adder moves out of view.
You barely miss the adder. Your headbutt misses the adder.
The adder barely misses you. The adder misses you.
You hit the adder but do no damage. The adder closely misses you.
You slash the adder!
The adder is severely wounded.
The adder barely misses you. x2; You furiously retaliate!
You headbutt the adder, but do no damage.
You closely miss the adder.
The adder is severely wounded.
The shadow imp shouts!
The adder bites you. The adder closely misses you.
You hit the adder.
The adder is almost dead.
The shadow imp gestures at you. Pain shoots through your body!
The adder bites you.
You completely miss the adder.
The adder is almost dead.
The adder bites you but does no damage. The shadow imp gestures at you.
Pain shoots through your body!
Ouch! That really hurt!
You die...

................##
.......>..........
.####....#.####
..........#
..######.#.# .
#.#.#
...######.#.####.
.................
.......@.#.......
..$.5###S.⌠...⌠..
≈§...............
≈≈..S)......⌠...⌠
§§.)###.........
... #..⌠...⌠.. ..
#......... .
.....⌠...
#........


You could see an adder and a shadow imp.

Vanquished Creatures
  A white imp (D:5)
1 creature vanquished.

Notes
Turn   | Place    | Note
-------+----------+-------------------------------------------
     0 | D:5      | ragingrage the Minotaur Delver began the quest for the Orb.
     0 | D:5      | Reached XP level 1. HP: 19/19 MP: 0/0
    30 | D:5      | Killed from afar by a shadow imp

Illustrated notes

Levels and vault maps discovered:
D:5:      layout_loops_ring, kennysheep_decorative_pillar, kennysheep_crisscross

Skill      XL: |  1 |
---------------+----+-----
Axes           | 3 |  3.3
Fighting       | |  3.6
Dodging        | |  2.1
Stealth        | |  4.1

Action                   || total
-------------------------++-------
Melee: Hand axe          ||     7
       Headbutt          ||     1
Armor: Leather armour    ||     1
Dodge: Dodged            ||     6

Table legend: (Time is in decaauts)
 A = Elapsed time spent in this place.
 B = Non-inter-level travel time spent in this place.
 C = Inter-level travel time spent in this place.
 D = Time resting spent in this place.
 E = Time spent auto-exploring this place.
 F = Levels seen in this place.
 G = Mean time per level.
                   A        B        C        D        E       F      G
               +--------+--------+--------+--------+--------+-----+--------+
         Total |     31 |     31 |      0 |      5 |     10 |   1 |   31.0 |
       Dungeon |     31 |     31 |      0 |      5 |     10 |   1 |   31.0 |
               +--------+--------+--------+--------+--------+-----+--------+

Top non-repeatable levels by time:
     D:5: 31 daAuts
